 Dungeon Crawl Stone Soup version 0.28-b1-25-g9875b3fc8c (webtiles) character file.

Game seed: 11169502427438717819

11 mopl the Vexing (level 2, -1/15 HPs)
             Began as a Deep Elf Enchanter on Feb 8, 2022.
             Slain by a ball python (2 damage)
             ... on level 1 of the Dungeon.
             The game lasted 00:00:49 (437 turns).

mopl the Vexing (Deep Elf Enchanter)                 Turns: 437, Time: 00:00:50

Health: -1/15      AC:  2    Str:  5    XL:     2   Next: 17%
Magic:  8/8        EV:  9    Int: 19    God:
Gold:   8          SH:  3    Dex: 15    Spells: 7/7 levels left

rFire   . . .      SeeInvis .   a - +1 dagger
rCold   . . .      Faith    .   d - +0 buckler
rNeg    . . .      Spirit   .   b - +0 robe
rPois   .          Reflect  .   (no helmet)
rElec   .          Harm     .   (no cloak)
rCorr   .          Rampage  .   (no gloves)
Will    .....                   (no boots)
Stlth   +++.......              (no amulet)
HPRegen 0.05/turn               (no ring)
MPRegen 0.11/turn               (no ring)

@: constricted
A: no striking features
a: no special abilities


You were on level 1 of the Dungeon.
You visited 1 branch of the dungeon, and saw 1 of its levels.

You collected 8 gold pieces.

Inventory:

Hand Weapons
 a - a +1 dagger (weapon)
Armour
 b - a +0 robe (worn)
 d - a +0 buckler (worn)
Potions
 c - a potion of invisibility


   Skills:
 + Level 1.1 Short Blades
 - Level 2.4 Dodging
 * Level 3.9 Stealth
 + Level 0.2 Shields
 * Level 3.4 Spellcasting
 * Level 4.2 Hexes


You had 7 spell levels left.
You didn't know any spells.
Your spell library contained the following spells:

 Spells                   Type           Power      Damage    Failure   Level
 Confusing Touch          Hex            19%        N/A       11%         3
 Tukima's Dance           Hex            19%        N/A       11%         3
 Ensorcelled Hibernation  Hex/Ice        22%        N/A       13%         2
 Dazzling Flash           Conj/Hex       22%        N/A       26%         3


Dungeon Overview and Level Annotations

Branches:
Dungeon (1/15)

Altars:


Message History

You hit the kobold.
The kobold is severely wounded.
The kobold misses you.
You hit the kobold.
You kill the kobold!
Items here: ( )) †.
You start resting.
A ball python comes into view.
A ball python is nearby!
You start resting.
A ball python is nearby!
Items here: ( )) †.
Things that are here:
a +0 short sword; a kobold corpse The ball python closely misses you. x3; The ball python barely misses you.
You see here a bubbling purple potion.
You hit the ball python but do no damage.
The ball python bites you. The ball python grabs you.
The ball python constricts you.
You barely miss the ball python. You block the ball python's attack.
The ball python constricts you.
* * * LOW HITPOINT WARNING * * *
You hit the ball python.
The ball python is moderately wounded.
The ball python bites you.
* * * LOW HITPOINT WARNING * * *
The ball python constricts you.
* * * LOW HITPOINT WARNING * * *
You escape the ball python's grasp.
Things that are here:
a +0 short sword; a kobold corpse
Items here: ( )) †.
You closely miss the ball python.
The ball python is moderately wounded.
The ball python bites you but does no damage.
The ball python grabs you. The ball python constricts you.
You barely miss the ball python.
The ball python is moderately wounded.
The ball python bites you.
You die...

'.....#.###
##..###..........#.#
##..###..........#.####
##..##................#####
##..##...........##........
#..##.....................
##..##...........##........
....##..........###........
#...............@S)!.......
#...............###........
#........#.................
#........#.................
#........#..........####...
#........#........>.# .#
#........#..........# .
###.##.#.#..........# ###
#..........#


You could see a ball python.

Vanquished Creatures
  A dart slug (D:1)
  2 bats (D:1)
  An endoplasm (D:1)
  A goblin (D:1)
  A hobgoblin (D:1)
  2 kobolds (D:1)
  A rat (D:1)
9 creatures vanquished.

Notes
Turn   | Place    | Note
-------+----------+-------------------------------------------
     0 | D:1      | mopl the Deep Elf Enchanter began the quest for the Orb.
     0 | D:1      | Reached XP level 1. HP: 10/10 MP: 6/6
   397 | D:1      | Reached XP level 2. HP: 14/15 MP: 8/8
   437 | D:1      | Slain by a ball python

Illustrated notes

Levels and vault maps discovered:
D:1:      dpeg_arrival_pits, layout_basic

Action                   || total
-------------------------++-------
Melee: Dagger            ||    34
 Stab: Sleeping          ||     2
Armor: Robe              ||     3
Dodge: Dodged            ||    21
Block: Buckler           ||     4
